AoeStats
← CalZing

Arena

510274661Analyzed
1v1 RM · 1d ago on Sep 30, 2026· 67m 7s· 2 players
Game mode
Random Map
Map size
Tiny (2 player)
Population
200
Speed
Normal
Resources
Standard
Victory
Conquest
Starting age
Dark Age
Ending age
Imperial Age
RankedLock teamsTeams togetherTeam positionsShared explorationLock speedFull tech treeHidden civsTurbo modeCheats
Victory
Defeat
🇸🇪 Ethiopians · Sweden
1174
+16
🇫🇷 Saxons · France
1179
-16
CalZing
10:32 Feudal Age
9:05 Loom
14:28 Castle Age
13:23 Fletching
14:29 Horse Collar
14:36 Crossbowman
18:14 Bodkin Arrow
21:21 Wheelbarrow
24:13 Town Watch
26:20 Heavy Plow
28:28 Hand Cart
28:32 Double-Bit Axe
29:53 Ballistics
34:20 Imperial Age
32:38 Hand Cart
32:44 Fortified Wall
33:45 Bow Saw
36:03 Chemistry
36:11 Two-Man Saw
35:19 Heavy Scorpion
37:11 Town Patrol
37:56 Bracer
37:57 Padded Archer Armor
38:05 Thumb Ring
38:36 Torsion Engines
42:33 Sappers
43:26 Conscription
47:40 Siege Engineers
48:10 Murder Holes
48:26 Masonry
52:03 Halberdier
52:55 Scale Mail Armor
53:24 Forging
53:39 Squires
53:56 Chain Mail Armor
56:29 Plate Mail Armor
56:34 Iron Casting
55:46 Arson
56:41 Architecture
62:27 Blast Furnace
60:48 Man-at-Arms
60:52 Elite Shotel Warrior
66:19 Sappers
adrienzk
10:17 Feudal Age
10:35 Loom
14:22 Castle Age
12:28 Horse Collar
14:42 Double-Bit Axe
17:57 Bloodlines
24:42 Scale Mail Armor
26:59 Gold Mining
27:56 Bow Saw
29:37 Scale Mail Armor
30:33 Chain Mail Armor
30:40 Heavy Plow
32:10 Wheelbarrow
31:52 Forging
33:14 Iron Casting
36:48 Imperial Age
34:37 Hand Cart
35:11 Fletching
35:16 Town Watch
35:55 Thumb Ring
35:50 Bodkin Arrow
35:57 Padded Archer Armor
35:35 Elite Skirmisher
37:01 Ballistics
37:05 Capped Ram
38:01 Bracer
38:32 Plate Mail Armor
38:25 Conscription
38:48 Elite Hearth Troop
40:33 Leather Archer Armor
40:26 Crossbowman
40:55 Arbalester
42:09 Ring Archer Armor
42:21 Husbandry
41:42 Light Cavalry
42:37 Scale Barding Armor
42:25 Hussar
44:03 Crop Rotation
43:55 Chain Barding Armor
43:39 Town Patrol
44:44 Two-Man Saw
46:34 Chemistry
45:31 Onager
54:49 Gold Shaft Mining
56:17 Siege Ram
64:27 Hoardings
Connection lost

Rejoining the realm…

Still unreachable

The connection could not be restored.

Session expired

The server has moved on; the page needs a fresh start.